 Dungeon Crawl Stone Soup version 0.28-a0-514-g0d7ab7f379 (webtiles) character file.

Game seed: 14296924435525638846

108 meatgazer the Distorting Demonspawn (level 4, -8/37 HPs)
             Began as a Demonspawn Abyssal Knight on Sept 22, 2021.
             Was a Believer of Lugonu.
             Killed by divine providence
             ... invoked by an orc priest
              (13 damage)
             ... on level 3 of the Dungeon.
             The game lasted 00:05:22 (3743 turns).

meatgazer the Distorting Demonspawn (DsAK)          Turns: 3743, Time: 00:05:23

Health: -8/37      AC: 10    Str: 21    XL:     4   Next: 58%
Magic:  7/7        EV: 11    Int: 15    God:    Lugonu [**....]
Gold:   233        SH:  5    Dex: 13    Spells: 3/3 levels left

rFire   . . .      SeeInvis .   a - +1 spear
rCold   . . .      Faith    .   (no shield)
rNeg    . . .      Spirit   .   f - +0 ring mail {rPois}
rPois   +          Reflect  +   p - +0 helmet of Gestures {Int+4}
rElec   .          Harm     .   (no cloak)
rCorr   .          Rampage  .   (no gloves)
Will    .....      Clarity  +   (no boots)
Stlth   +.........              d - amulet of reflection
HPRegen 0.12/turn               m - +6 ring of strength
MPRegen 0.10/turn               h - +4 ring of protection

@: no status effects
A: demonic guardian 1, sturdy frame 1, clarity, wild magic 1
a: Renounce Religion, Depart the Abyss, Bend Space


You were on level 3 of the Dungeon.
You worshipped Lugonu.
Lugonu was pleased with you.
You visited 1 branch of the dungeon, and saw 3 of its levels.
You visited the Abyss 1 time.

You collected 233 gold pieces.

Inventory:

Hand Weapons
 a - a +1 spear (weapon)
Armour
 f - a +0 ring mail of poison resistance (worn)
 p - the +0 helmet of Gestures (worn) {Int+4}
   (You took it off Robin on level 2 of the Dungeon)

   Int:       It affects your intelligence (+4).
Magical Staves
 c - a staff of conjuration
Jewellery
 d - an amulet of reflection (around neck)
 h - a +4 ring of protection (right hand)
 m - a +6 ring of strength (left hand)
Scrolls
 e - 2 scrolls of identify
 g - a scroll of fog
 q - a scroll of fear {unknown}
Potions
 b - 2 potions of resistance
 i - 2 potions of mutation
 j - a potion of lignification {unknown}
 k - a potion of berserk rage {unknown}
 l - a potion of degeneration {unknown}
 n - a potion of flight {unknown}
 o - 2 potions of curing {unknown}


   Skills:
 + Level 3.9 Fighting
 + Level 2.8 Polearms
 - Level 1.7 Armour
 - Level 0.8 Dodging
 + Level 0.3 Spellcasting
 * Level 4.2 Invocations


You had 3 spell levels left.
You didn't know any spells.
Your spell library contained the following spells:

 Spells                   Type           Power      Damage    Failure   Level
 Static Discharge         Conj/Air       0%         N/A       54%         2
 Lightning Bolt           Conj/Air       0%         1d11      100%        5
 Maxwell's Capacitive Co  Air            0%         ∞         100%        8


Dungeon Overview and Level Annotations

Branches:
Dungeon (3/15)

Altars:
Hepliaklqana
Qazlal
Vehumet

Annotations:
D:3 exclusion: statue


Innate Abilities, Weirdness & Mutations

A weak demonic guardian rushes to your aid.
Your movements are slightly less encumbered by armour. (ER -2)
You possess an exceptional clarity of mind.
Your spells are a little harder to cast, but a little more powerful.


Message History

The orc shouts!
The goblin shouts!
You hear a shout!
An orc comes into view. It is wielding a +0 dagger.
The goblin hits you but does no damage.
You closely miss the goblin. The goblin closely misses you.
A rat comes into view.
You hit the goblin.
You kill the goblin!
Lugonu accepts your kill.
You puncture the orc!
You kill the orc!
Lugonu accepts your kill.
You barely miss the orc. The orc hits you but does no damage.
You hit the orc but do no damage.
The orc priest looks satisfied for a moment.
You barely miss the orc. You block the orc's attack.
You puncture the orc!
The orc is almost dead.
The orc barely misses you.
You hit the orc.
You kill the orc!
Lugonu accepts your kill.
A bat comes into view.
You hit the orc priest.
The orc priest is heavily wounded.
The orc priest hits you with a +0 flail!
You hit the orc priest.
The orc priest is heavily wounded.
The orc priest invokes the aid of Beogh against you.
Beogh smites you!
You hit the orc priest but do no damage.
The orc priest is heavily wounded.
The orc priest calls down the wrath of Beogh upon you.
Beogh smites you!
* * * LOW HITPOINT WARNING * * *
A demonic guardian appears!
You hit the orc priest.
The orc priest is severely wounded.
The orc priest invokes the aid of Beogh against you.
Beogh smites you!
You die...

###### #..5.## #@#...#
#o#8.8# ro#...# #
..b#8.8# # ....#...# #
.....#♣.♣# #
#.....#...############
......#♣.♣#...........
#...##..........


You could see an orc priest (ally target), an orc, a bat, a rat and a friendly
ufetubus (summoned).

Vanquished Creatures
  Robin (D:2)
  An adder (D:3)
  2 worms (D:2)
  A dart slug (D:3)
  2 orcs (D:3)
  5 bats
  6 endoplasms (D:1)
  3 giant cockroaches
  14 goblins
  5 hobgoblins
  9 kobolds
  7 quokkas
  4 ball pythons
  5 frilled lizards
  4 rats
69 creatures vanquished.

Vanquished Creatures (collateral kills)
  A goblin (D:2)
1 creature vanquished.

Grand Total: 70 creatures vanquished

Notes
Turn   | Place    | Note
-------+----------+-------------------------------------------
     0 | Abyss:1  | meatgazer the Demonspawn Abyssal Knight began the quest for
                  | the Orb.
     0 | Abyss:1  | Reached XP level 1. HP: 18/18 MP: 2/2
    92 | Abyss:3  | Noticed a smoke demon
    93 | D:1      | Escaped the Abyss
   100 | D:1      | Gained mutation: Your spells are a little harder to cast,
                  | but a little more powerful. [potion of mutation]
   100 | D:1      | Gained mutation: You possess an exceptional clarity of
                  | mind. [potion of mutation]
   607 | D:1      | Gained mutation: A weak demonic guardian rushes to your
                  | aid. [demonic ancestry]
   607 | D:1      | Reached XP level 2. HP: 21/24 MP: 4/4
   913 | D:1      | Reached skill level 3 in Invocations
   981 | D:1      | Reached * piety under Lugonu
  1261 | D:1      | Found a faded altar of an unknown god.
  1891 | D:1      | Gained mutation: Your movements are slightly less
                  | encumbered by armour. (ER -2) [demonic ancestry]
  1891 | D:1      | Reached XP level 3. HP: 29/29 MP: 5/5
  2719 | D:2      | Found a stormy altar of Qazlal.
  3095 | D:2      | Identified the +0 helmet of Gestures {Int+4}
  3095 | D:2      | Noticed Robin
  3129 | D:2      | Killed Robin
  3130 | D:2      | Reached XP level 4. HP: 30/37 MP: 6/6
  3201 | D:2      | Identified a scroll of acquirement
  3207 | D:2      | Reached ** piety under Lugonu
  3354 | D:3      | Reached skill level 4 in Invocations
  3378 | D:3      | Found a radiant altar of Vehumet.
  3395 | D:3      | Acquired a +6 ring of strength
  3399 | D:3      | Noticed a charred statue
  3668 | D:3      | Found a hazy altar of Hepliaklqana.
  3743 | D:3      | Killed from afar by an orc priest

Illustrated notes

Levels and vault maps discovered:
D:1:      shiori_arrival_elements, layout_loops_ring, basic_ecumenical_altar,
          dk_noncrumbling_4, nrook_mini_vaults, hex_tiny, serial_bayou_crossing
D:2:      layout_basic, basic_altar, uniq_robin
D:3:      layout_rooms, nemelex_dance_club_becter, nzn_hepliaklqana_mist_gate,
          vehumet_statue, chequers_hall_statues_wall_a, chequers_avenue

Skill      XL: |  1  2  3  4 |
---------------+-------------+-----
Polearms       | 2 |  2.8
Invocations    | 3 4 |  4.2
Fighting       | |  3.9
Armour         | |  1.7
Dodging        | |  0.8
Spellcasting   | |  0.3

Action                   |  1- 3 |  4- 6 || total
-------------------------+-------+-------++-------
Melee: Spear             |   197 |    95 ||   292
Invok: Depart the Abyss  |     1 |       ||     1
  Use: Scroll            |     3 |     2 ||     5
       Potion            |     1 |       ||     1
 Stab: Sleeping          |     1 |       ||     1
Armor: Leather armour    |     2 |       ||     2
       Ring mail         |    36 |    37 ||    73
Dodge: Dodged            |    72 |    50 ||   122
Block: Other             |    37 |    14 ||    51

Table legend: (Time is in decaauts)
 A = Elapsed time spent in this place.
 B = Non-inter-level travel time spent in this place.
 C = Inter-level travel time spent in this place.
 D = Time resting spent in this place.
 E = Time spent auto-exploring this place.
 F = Levels seen in this place.
 G = Mean time per level.
                   A        B        C        D        E       F      G
               +--------+--------+--------+--------+--------+-----+--------+
         Total |   3738 |   3659 |     79 |   1510 |   1622 |   6 |  623.0 |
       Dungeon |   3646 |   3567 |     79 |   1510 |   1563 |   3 | 1215.3 |
         Abyss |     92 |     92 |      0 |      0 |     59 |   3 |   30.7 |
               +--------+--------+--------+--------+--------+-----+--------+

Top non-repeatable levels by time:
     D:1: 2228 daAuts
     D:2: 974 daAuts
     D:3: 443 daAuts
 Abyss:2: 50 daAuts
 Abyss:3: 36 daAuts
 Abyss:1: 5 daAuts
